 Dungeon Crawl Stone Soup version 0.28.0 (webtiles) character file.

Game seed: 3112680236886921568

58 fragbeetle the Chopper (level 4, -3/39 HPs)
             Began as a Hill Orc Fighter on Feb 10, 2022.
             Slain by an iguana (7 damage)
             ... on level 3 of the Dungeon.
             The game lasted 00:01:28 (1653 turns).

fragbeetle the Chopper (Hill Orc Fighter)           Turns: 1653, Time: 00:01:29

Health: -3/39      AC:  8    Str: 20    XL:     4   Next: 2%
Magic:  4/4        EV:  9    Int:  8    God:
Gold:   31         SH:  4    Dex: 10    Spells: 3/3 levels left

rFire   . . .      SeeInvis .   a - +0 war axe
rCold   . . .      Faith    .   c - +0 buckler
rNeg    . . .      Spirit   .   b - +0 scale mail
rPois   .          Reflect  .   j - +0 helmet
rElec   .          Harm     .   (no cloak)
rCorr   .          Rampage  .   (no gloves)
Will    .....                   (no boots)
Stlth   ..........              (no amulet)
HPRegen 0.13/turn               (no ring)
MPRegen 0.09/turn               (no ring)

@: mighty
A: no striking features
a: no special abilities


You were on level 3 of the Dungeon.
You visited 1 branch of the dungeon, and saw 3 of its levels.

You collected 31 gold pieces.

Inventory:

Hand Weapons
 a - a +0 war axe (weapon)
 f - a +0 whip of venom
Armour
 b - a +0 scale mail (worn)
 c - a +0 buckler (worn)
 j - a +0 helmet (worn)
Scrolls
 h - a scroll of blinking {unknown}
 i - 2 scrolls of identify {unknown}
Potions
 d - a potion of might
 e - 2 potions of attraction {unknown}
 g - a potion of flight {unknown}
 k - a potion of curing {unknown}
 l - 2 potions of heal wounds {unknown}
 m - a potion of mutation {unknown}


   Skills:
 - Level 3.6 Fighting
 * Level 5.5 Axes
 - Level 3.2 Armour
 - Level 3.2 Shields


You had 3 spell levels left.
You didn't know any spells.
Your spell library was empty.

Dungeon Overview and Level Annotations

Branches:
Dungeon (2/15)

Altars:


Message History

The iguana barely misses you.
You hit the iguana.
The iguana is moderately wounded.
You block the iguana's attack.
You barely miss the iguana.
The iguana is moderately wounded.
The iguana bites you.
* * * LOW HITPOINT WARNING * * *
You closely miss the iguana.
The iguana is moderately wounded.
The iguana bites you but does no damage.
You block the iguana's attack.
You closely miss the iguana.
The iguana is moderately wounded.
The iguana barely misses you.
You barely miss the iguana.
The iguana is moderately wounded.
The iguana bites you!
* * * LOW HITPOINT WARNING * * *
You feel very mighty all of a sudden. The iguana barely misses you.
Unknown command.
You hit the iguana.
The iguana is moderately wounded.
You block the iguana's attack.
You barely miss the iguana.
The iguana is moderately wounded.
The iguana barely misses you. x2
You hit the iguana.
The iguana is severely wounded.
The iguana misses you.
You barely miss the iguana.
The iguana is severely wounded.
The iguana closely misses you.
You barely miss the iguana.
The iguana is severely wounded.
You block the iguana's attack.
The giant cockroach waves its antennae.
The iguana bites you!
You die...

#### ##### ###### ##...#
##...## #....#
#.?...#####.....# #....#
#....gBl@.......###....#
#....r#####.....#......#
##...# ##.†.##......#
##.# ##.##..#....# #.
#.##.......# #
#.'..#.##### #.####.#
#.# #.. ... ###.


You could see an iguana, a giant cockroach, a goblin and a rat.

Vanquished Creatures
  2 adders (D:2)
  An adder zombie (D:3)
  4 ball pythons
  3 endoplasms (D:1)
  2 giant cockroaches
  A goblin (D:1)
  2 hobgoblins (D:1)
  5 jackals (D:1)
  5 kobolds
  3 quokkas (D:1)
  3 bats
  2 frilled lizards
  2 rats
35 creatures vanquished.

Notes
Turn   | Place    | Note
-------+----------+-------------------------------------------
     0 | D:1      | fragbeetle the Hill Orc Fighter began the quest for the
                  | Orb.
     0 | D:1      | Reached XP level 1. HP: 19/19 MP: 1/1
    13 | D:1      | Reached skill level 3 in Axes
   244 | D:1      | Reached XP level 2. HP: 26/26 MP: 2/2
   385 | D:1      | Found a faded altar of an unknown god.
   388 | D:1      | Reached skill level 4 in Axes
   701 | D:1      | Reached XP level 3. HP: 24/31 MP: 3/3
  1415 | D:2      | Reached skill level 5 in Axes
  1557 | D:2      | You fall into a shaft and drop 1 floor!
  1589 | D:3      | Reached XP level 4. HP: 33/39 MP: 4/4
  1653 | D:3      | Slain by an iguana

Illustrated notes

Levels and vault maps discovered:
D:1:      beargit_arrival_greenhouse, layout_basic,
          ebering_ecumenical_altar_abandoned, hangedman_decor_slide_cut,
          grunt_decor_one_mirror, minmay_misc_feat_hallway
D:2:      layout_loops_cross, minmay_divided_ellipse
D:3:      minmay_octagon_keep, layout_rooms, mainiacjoe_overflow_paths,
          mainiacjoe_overflow_swirl, nicolae_elevator_lobby_plus, uniq_ijyb

Skill      XL: |  1  2  3 |
---------------+----------+-----
Axes           | 3 4 5 |  5.5
Fighting       | |  3.6
Armour         | |  3.2
Shields        | |  3.2

Action                   |  1- 3 |  4- 6 || total
-------------------------+-------+-------++-------
Melee: War axe           |   103 |    14 ||   117
  Use: Potion            |       |     1 ||     1
Armor: Scale mail        |    52 |     5 ||    57
Dodge: Dodged            |    59 |     9 ||    68
Block: Buckler           |    19 |     5 ||    24
